 Dungeon Crawl Stone Soup version 0.21.1-1-g345015fe64 (webtiles) character file.

928 MasterOak the Skirmisher (level 7, -1/72 HPs)
             Began as a Troll Fighter on July 1, 2018.
             Was a Follower of Okawaru.
             Slain by a water moccasin (7 damage)
             ... on level 5 of the Dungeon.
             The game lasted 00:54:46 (4759 turns).

MasterOak the Skirmisher (Troll Fighter)            Turns: 4759, Time: 00:54:47

Health: -1/72      AC:  5    Str: 26    XL:     7   Next: 85%
Magic:  6/6        EV:  9    Int:  4    God:    Okawaru [*.....]
Gold:   225        SH: 10    Dex: 10    Spells: 6/6 levels left

rFire    . . .     SeeInvis .   a - +0 war axe
rCold    . . .     Gourm    +   c - +1 shield
rNeg     . . .     Faith    .   b - +0 robe
rPois    .         Spirit   .   (helmet restricted)
rElec    .         Reflect  .   (no cloak)
rCorr    .         Harm     .   (gloves unavailable)
MR       .....                  (boots unavailable)
Stlth    +.........             (no amulet)
HPRegen  0.62/turn              (no ring)
MPRegen  0.10/turn              (no ring)

@: lethally poisoned (-1 -> -9)
A: large, unfitting armour, claws 3, fast metabolism 3, gourmand, regeneration
1, shaggy fur 1, tough skin 2
a: Heroism, Renounce Religion


You were on level 5 of the Dungeon.
You worshipped Okawaru.
Okawaru was aware of your devotion.
You were full.

You visited 1 branch of the dungeon, and saw 5 of its levels.

You collected 225 gold pieces.

Inventory:

Hand Weapons
 a - a +0 war axe (weapon)
 g - a +0 hunting sling
 i - a +0 mace
 l - a +0 hunting sling
 r - a +0 dagger of electrocution
Missiles
 e - 89 sling bullets
 j - 26 bolts
 n - 44 poisoned needles
 o - 108 stones (quivered)
 u - 9 tomahawks
 w - 56 arrows
 B - 2 needles of confusion
Armour
 b - a +0 robe (worn)
 c - a +1 shield (worn)
 t - a +0 robe
Jewellery
 y - an uncursed ring of poison resistance {unknown}
Scrolls
 k - a scroll of immolation
 p - a scroll of teleportation {unknown}
 q - 2 scrolls of blinking
 z - a scroll of remove curse
Potions
 d - a potion of flight {unknown}
 h - a potion of magic {unknown}
 m - 2 potions of heal wounds {unknown}
 v - a potion of resistance {unknown}
Comestibles
 f - 9 rations


   Skills:
 * Level 5.1 Fighting
 * Level 4.9 Axes
 - Level 2.7 Dodging
 + Level 4.1 Shields


You had 6 spell levels left.
You didn't know any spells.

Dungeon Overview and Level Annotations

Branches:
Dungeon (5/15)
 Temple: D:4-7

Altars:
Okawaru
Wu Jian
The Shining One


Innate Abilities, Weirdness & Mutations

You are too large for most types of armour.
You have claws for hands.
Your metabolism is lightning-fast.
You like to eat raw meat.
Your natural rate of healing is unusually fast.
You are covered in fur. (AC +1)
You have very tough skin. (AC +2)


Message History

The water moccasin bites you but does no damage.
You hit the water moccasin but do no damage.
The water moccasin is almost dead.
You feel sick. You block the water moccasin's attack.
The water moccasin bites you.
* * * LOW HITPOINT WARNING * * *
You are more poisoned.
The water moccasin poisons you!
You closely miss the water moccasin.
The water moccasin is almost dead.
* * * LOW HITPOINT WARNING * * *
You feel sick. The water moccasin bites you.
* * * LOW HITPOINT WARNING * * *
You block the water moccasin's attack.
Unknown command.
You closely miss the water moccasin.
The water moccasin is almost dead.
* * * LOW HITPOINT WARNING * * *
You feel sick. The water moccasin bites you!
You die...

######### #.......#
#.......#####
###################............
..............@Sl.)...........
..........###.####.#....##......
....#.###.# #.# #.###### >....
..........###.# #.# S...
..............# ... ###
.....###.###### ...
..............# .....
.#............# .....
..............#.......


You could see a water moccasin and a leopard gecko.

Vanquished Creatures
  The ghost of Snarbu88 the Basher, an amateur MiFi (D:4)
  A necrophage (D:3)
  2 ogres (D:4)
  A scorpion (D:4)
  2 crimson imps (D:4)
  A centaur zombie (D:5)
  A centaur skeleton (D:4)
  2 hounds (D:4)
  2 orc wizards (D:4)
  4 adders
  2 oozes (D:3)
  3 dart slugs
  4 leopard geckos
  11 orcs
  8 giant cockroaches
  9 goblins
  5 hobgoblins
  23 jackals
  3 quokkas
  8 bats
  6 frilled lizards
  A goblin zombie (D:4)
  A hobgoblin zombie (D:4)
  8 kobolds
  A kobold skeleton (D:4)
  A kobold zombie (D:4)
  2 orc skeletons (D:4)
  2 orc zombies (D:4)
  A quokka skeleton (D:4)
  11 rats
  4 bushes (D:3)
131 creatures vanquished.

Notes
Turn   | Place    | Note
-------+----------+-------------------------------------------
     0 | D:1      | MasterOak the Troll Fighter began the quest for the Orb.
     0 | D:1      | Reached XP level 1. HP: 22/22 MP: 0/0
   112 | D:1      | Reached XP level 2. HP: 28/29 MP: 1/1
   776 | D:1      | Reached XP level 3. HP: 36/36 MP: 2/2
  1394 | D:2      | Reached XP level 4. HP: 38/44 MP: 3/3
  2361 | D:3      | Reached skill level 3 in Fighting
  2368 | D:3      | Noticed a necrophage
  2392 | D:3      | Killed a necrophage
  2392 | D:3      | Reached XP level 5. HP: 29/51 MP: 4/4
  2489 | D:3      | Found an iron altar of Okawaru.
  2506 | D:3      | Became a worshipper of Warmaster Okawaru
  3304 | D:4      | Found an ornate altar of the Wu Jian Council.
  3387 | D:4      | Reached XP level 6. HP: 53/60 MP: 5/5
  3452 | D:4      | Noticed Snarbu88's ghost (amateur MiFi)
  3812 | D:4      | Reached skill level 4 in Fighting
  3950 | D:4      | Reached XP level 7. HP: 65/70 MP: 6/6
  3980 | D:4      | Found a glowing golden altar of the Shining One.
  4363 | D:4      | Killed Snarbu88's ghost
  4363 | D:4      | Reached * piety under Okawaru
  4514 | D:5      | Entered Level 5 of the Dungeon
  4525 | D:4      | Reached skill level 5 in Fighting
  4759 | D:5      | Slain by a water moccasin

Skill      XL: |  1  2  3  4  5  6  7 |
---------------+----------------------+-----
Axes           | 2 3 4 |  4.9
Shields        | 3 4 |  4.1
Fighting       | 3 4 5 |  5.1
Dodging        | |  2.7

Action                   |  1- 3 |  4- 6 |  7- 9 || total
-------------------------+-------+-------+-------++-------
Melee: War axe           |   180 |   381 |    86 ||   647
 Fire: Hunting sling     |       |     6 |       ||     6
Throw: Stone             |       |     4 |     9 ||    13
  Use: Scroll            |     6 |     6 |       ||    12
       Potion            |       |     1 |     2 ||     3
 Stab: Sleeping          |       |     2 |       ||     2
  Eat: Chunk             |    19 |    15 |     8 ||    42
       Ration            |       |     2 |       ||     2
Armor: Robe              |    61 |    97 |    17 ||   175
Dodge: Dodged            |    74 |    86 |    22 ||   182
Block: Shield            |    80 |   158 |    46 ||   284
